 Dungeon Crawl Stone Soup version 0.30-a0-1163-gf69bf04e7a (webtiles) character file.

Game seed: 13993488603969995682

1194 themarg the Spear-Bearer (level 8, -3/62 HPs)
             Began as a Merfolk Berserker on Apr 29, 2023.
             Was a Priest of Trog.
             Slain by an orc warrior
             ... wielding a +0 war axe
              (8 damage)
             ... on level 6 of the Dungeon.
             The game lasted 00:09:32 (5067 turns).

themarg the Spear-Bearer (Merfolk Berserker)        Turns: 5067, Time: 00:09:33

Health: -3/62      AC:  8    Str: 19    XL:     8   Next: 44%
Magic:  8/8        EV: 11    Int:  6    God:    Trog [***...]
Gold:   497        SH:  0    Dex: 14    Spells: 7/7 levels left

rFire   . . .        l - +0 spear (freeze)
rCold   . . .        (no shield)
rNeg    . . .        y - +0 ring mail {Will+}
rPois   +            (no helmet)
rElec   .            (no cloak)
rCorr   +            (no gloves)
SInv    .            m - +2 pair of boots
Will    +++..        (no amulet)
Stlth   +            h - ring of poison resistance
HPRegen 1.30/turn    s - ring of resist corrosion
MPRegen 0.11/turn

%: no passive effects
@: strong-willed, regenerating
A: (nimble swimmer 2), mertail
a: Renounce Religion, Berserk, Trog's Hand


You were on level 6 of the Dungeon.
You worshipped Trog.
Trog was most pleased with you.
You visited 2 branches of the dungeon, and saw 7 of its levels.

You collected 497 gold pieces.

Inventory:

Hand Weapons
 l - a +0 spear of freezing (weapon)
Missiles
 f - 40 stones (quivered)
 k - a throwing net
 n - 4 boomerangs
 t - 3 javelins
 v - 10 poisoned darts
Armour
 m - a +2 pair of boots (worn)
 y - a +0 ring mail of willpower (worn)
Jewellery
 h - a ring of poison resistance (left hand)
 s - a ring of resist corrosion (right hand)
Scrolls
 d - 5 scrolls of immolation
 g - a scroll of identify
 j - 2 scrolls of vulnerability {unknown}
 p - 2 scrolls of fear {unknown}
 r - a scroll of amnesia {unknown}
 u - a scroll of enchant armour {unknown}
 w - a scroll of enchant weapon {unknown}
Potions
 c - 3 potions of degeneration {unknown}
 e - 5 potions of curing
 i - a potion of might {unknown}
 o - 3 potions of mutation
 q - a potion of brilliance {unknown}
 x - a potion of attraction {unknown}


   Skills:
 - Level 5.0 Fighting
 + Level 12.5 Polearms
 - Level 1.3 Armour
 - Level 2.6 Dodging


You had 7 spell levels left.
You didn't know any spells.
Your spell library was empty.

Dungeon Overview and Level Annotations

Branches:
Dungeon (6/15)             Temple (1/1) D:4

Altars:
Ashenzari
Cheibriados
Hepliaklqana
Kikubaaqudgha
Makhleb
Nemelex Xobeh
Okawaru
Qazlal
Ru
Sif Muna
Trog
Uskayaw
Vehumet
Wu Jian
Xom
Zin
The Shining One

Annotations:
D:5 Duvessa


Innate Abilities, Weirdness & Mutations

((You are very nimble when in or above water. (Stealth+, EV+, Speed+++)))
Your lower body shifts to a powerful aquatic tail in water.


Message History

Press: ? - help, Dir - move target, f/p - orc warrior
Aim: an orc warrior, wielding a +0 arbalest and wearing a +0 chain mail (black smoke, about 34% to evade your +0 spear of freezing)
You reach to attack!
You hit the orc warrior but do no damage.
The orc warrior shoots a bolt.
The bolt hits you!
* * * LOW HITPOINT WARNING * * *
Reach: l) +0 spear (freeze)
Press: ? - help, Dir - move target, f/p - orc warrior
Aim: an orc warrior, wielding a +0 arbalest and wearing a +0 chain mail (black smoke, about 34% to evade your +0 spear of freezing)
You reach to attack!
You puncture the orc warrior! You freeze the orc warrior.
The orc warrior is moderately wounded.
Reach: l) +0 spear (freeze)
Press: ? - help, Dir - move target, f/p - orc warrior
Aim: an orc warrior, wielding a +0 arbalest and wearing a +0 chain mail (black smoke, moderately wounded, about 34% to evade your +0 spear of freezing)
You reach to attack!
You hit the orc warrior but do no damage.
The orc warrior is moderately wounded.
The orc warrior shoots a bolt.
The bolt hits you.
* * * LOW HITPOINT WARNING * * *
You feel better.
You hit the orc warrior but do no damage.
The orc warrior is moderately wounded.
You hit the orc warrior but do no damage.
The orc warrior is moderately wounded.
The orc warrior unwields a +0 arbalest.
The orc warrior wields a +0 war axe.
The orc warrior misses you.
You hit the orc warrior but do no damage.
The orc warrior is moderately wounded.
You hit the orc warrior. You freeze the orc warrior.
Your punch misses the orc warrior.
The orc warrior is severely wounded.
The orc warrior hits you with a +0 war axe!
* * * LOW HITPOINT WARNING * * *
You hit the orc warrior but do no damage.
You punch the orc warrior, but do no damage.
The orc warrior is severely wounded.
You hit the orc warrior but do no damage.
The orc warrior is severely wounded.
The orc warrior hits you with a +0 war axe!
You die...

######### ##♣♣♣♣ #####.......#
##~♣~P♣♣~P~ ......#####.#
########S~~~~~~~~S
.####.....#.####.§.......~.~~~~~~
.#....###.#....#§####........~.~.
.#[##.###.#....#@####............
.#)#...##.#....#o##P♣♣~~...~~...S
....._.........#o#~~~~P~~~P~♣~..P
#.##...#.#.....§§§~~~~~~≈~~~~~~~~
#.###.##.#........~~~~~~≈≈≈≈~~~~~
#.###....#.........~~~~~~≈≈~~~P~~
#.....####....o....).♣♣♣~~~~~~~~~
#####........o.......## #~~~♣~~~~
..#...................####~♣♣♣~♣.


You could see an orc warrior and an orc.

Vanquished Creatures
  Grinder (D:4)
  An orc warrior (D:5)
  A black bear (D:5)
  An ogre (D:5)
  A phantom (D:4)
  A kobold brigand (D:4)
  A scorpion (D:6)
  An electric eel (D:6)
  2 howler monkeys (D:5)
  A jelly (D:6)
  3 orc priests (D:6)
  3 hounds
  An iguana (D:5)
  6 gnolls
  3 adders
  A shadow imp (D:6)
  A white imp (D:6)
  An ufetubus (D:6)
  2 worms
  5 dart slugs
  9 orcs
  7 endoplasms
  6 giant cockroaches
  6 goblins
  5 hobgoblins
  5 quokkas
  3 ball pythons
  3 bats
  4 frilled lizards
  8 kobolds
  11 rats
104 creatures vanquished.

Vanquished Creatures (others)
  10 plants (D:6)
10 creatures vanquished.

Grand Total: 114 creatures vanquished

Notes
Turn   | Place    | Note
-------+----------+-------------------------------------------
     0 | D:1      | themarg the Merfolk Berserker began the quest for the Orb.
     0 | D:1      | Reached XP level 1. HP: 18/18 MP: 1/1
   153 | D:1      | Reached XP level 2. HP: 23/24 MP: 2/2
   360 | D:1      | Reached XP level 3. HP: 23/30 MP: 3/3
   363 | D:1      | Reached ** piety under Trog
   775 | D:2      | Reached skill level 5 in Polearms
   801 | D:2      | Reached XP level 4. HP: 25/38 MP: 4/4
  1328 | D:2      | Found a shimmering blue altar of Sif Muna.
  2057 | D:3      | Reached XP level 5. HP: 43/43 MP: 5/5
  2099 | D:3      | Found a shimmering altar of Xom.
  2099 | D:3      | Found a glowing silver altar of Zin.
  2107 | D:3      | Found a snail-covered altar of Cheibriados.
  2109 | D:3      | Found a sparkling altar of Nemelex Xobeh.
  2112 | D:3      | Found a bloodstained altar of Trog.
  2172 | D:4      | Noticed Grinder
  2250 | D:4      | Paralysed by Grinder for 3 turns
  2257 | D:4      | HP: 1/64 [Grinder (3)]
  2259 | D:4      | Killed Grinder
  2260 | D:4      | Reached skill level 5 in Fighting
  2260 | D:4      | Reached skill level 7 in Polearms
  2260 | D:4      | Reached XP level 6. HP: 3/51 MP: 6/6
  2465 | D:4      | Found an ornate altar of the Wu Jian Council.
  2595 | D:4      | Reached skill level 8 in Polearms
  2734 | D:4      | Found a staircase to the Ecumenical Temple.
  2812 | Temple   | Entered the Ecumenical Temple
  2853 | D:5      | Entered Level 5 of the Dungeon
  2979 | D:4      | Reached skill level 9 in Polearms
  2979 | D:4      | Reached XP level 7. HP: 36/56 MP: 7/7
  3305 | D:5      | Reached skill level 10 in Polearms
  3315 | D:5      | Noticed Duvessa
  3512 | D:5      | Found an iron altar of Okawaru.
  3804 | D:6      | Reached skill level 11 in Polearms
  3818 | D:6      | Reached *** piety under Trog
  3894 | D:5      | HP: 1/56 [orc warrior/+0 hand axe (13)]
  3896 | D:5      | Reached XP level 8. HP: 2/62 MP: 8/8
  4175 | D:6      | Found a burning altar of Makhleb.
  4343 | D:6      | Reached skill level 12 in Polearms
  5058 | D:6      | HP: 2/62 [orc warrior/bolt (15)]
  5067 | D:6      | Slain by an orc warrior

Illustrated notes

Levels and vault maps discovered:
D:1:      lordsloth_arrival_two_stooges, layout_loops_ring
D:2:      wad_pebble_path, layout_loops_ring, basic_altar
D:3:      layout_rooms, chequers_temple_overflow_minitemple, chequers_avenue,
          st_stairs_2
D:4:      layout_cave_pools, overflow_temple_1_default,
          minmay_temple_entry_butterflies, uniq_grinder
D:5:      layout_cave_pools, lemuel_round_altar, uniq_duvessa
D:6:      layout_rooms, nicolae_overflow_crystal_walls, minmay_crystal_room,
          hangedman_abyss_or_decor_passed, serial_bayou_ford_a,
          minmay_misc_feat_four_crosses
Temple:   nicolae_temple_ecumenical_triangle

Skill      XL: |  1  2  3  4  5  6  7  8 |
---------------+-------------------------+-----
Fighting       | 4 5 |  5.0
Polearms       | 5 7 9 11 12 | 12.5
Armour         | |  1.3
Dodging        | |  2.6

Action                     |  1- 3 |  4- 6 |  7- 9 || total
---------------------------+-------+-------+-------++-------
  Melee: Spear             |   111 |   146 |   215 ||   472
         Punch             |       |       |     3 ||     3
 Invoke: Trog's Hand       |     1 |     1 |     2 ||     4
         Berserk           |       |     1 |       ||     1
    Use: Scroll            |       |     4 |     1 ||     5
         Potion            |       |       |     1 ||     1
   Stab: Sleeping          |       |     4 |     2 ||     6
 Armour: Animal skin       |     8 |    12 |    21 ||    41
         Ring mail         |       |       |     2 ||     2
  Dodge: Dodged            |    38 |    42 |    82 ||   162

Table legend: (Time is in decaauts)
 A = Elapsed time spent in this place.
 B = Non-inter-level travel time spent in this place.
 C = Inter-level travel time spent in this place.
 D = Time resting spent in this place.
 E = Time spent auto-exploring this place.
 F = Levels seen in this place.
 G = Mean time per level.
                   A        B        C        D        E       F      G
               +--------+--------+--------+--------+--------+-----+--------+
         Total |   4939 |   4784 |    155 |    816 |   3091 |   7 |  705.6 |
       Dungeon |   4912 |   4757 |    155 |    816 |   3073 |   6 |  818.7 |
        Temple |     27 |     27 |      0 |      0 |     18 |   1 |   27.0 |
               +--------+--------+--------+--------+--------+-----+--------+

Top non-repeatable levels by time:
     D:6: 965 daAuts
     D:5: 911 daAuts
     D:2: 842 daAuts
     D:3: 770 daAuts
     D:4: 742 daAuts
     D:1: 680 daAuts
  Temple: 27 daAuts
